 Dungeon Crawl Stone Soup version 0.31-a0-177-g4aa6249778 (webtiles) character file.

Game seed: 10696122516861981524

88 qw the Chopper (level 4, 0/28 HPs)
             Began as a Gargoyle Fighter on June 18, 2023.
             Slain by a gnoll
             ... wielding a +0 club
              (2 damage)
             ... on level 3 of the Dungeon.
             The game lasted 00:01:08 (2239 turns).

qw the Chopper (Gargoyle Fighter)                   Turns: 2239, Time: 00:01:08

Health: 0/28       AC: 10    Str: 21    XL:     4   Next: 53%
Magic:  4/4        EV:  5    Int:  9    God:
Gold:   140        SH:  0    Dex:  9    Spells: 3/3 levels left

rFire   . . .        Y - +0 war axe (flame)
rCold   . . .        c - +0 buckler
rNeg    + . .        b - +0 scale mail
rPois   inf          (no helmet)
rElec   +            (no cloak)
rCorr   .            (no gloves)
SInv    .            (no boots)
Will    .....        (no amulet) Stlth
                     (no ring)
HPRegen 0.24/turn    (no ring)
MPRegen 0.09/turn

%: no passive effects
@: held
A: sickness immunity, AC +3, negative energy resistance 1, electricity
resistance, torment resistance 1, petrification resistance
a: no special abilities


You were on level 3 of the Dungeon.
You visited 1 branch of the dungeon, and saw 3 of its levels.

You collected 140 gold pieces.


Innate Abilities, Weirdness & Mutations

You are immune to sickness and miasma.
Your stone body is resilient. (AC +3)
You are immune to poison.
You resist negative energy. (rN+)
You are resistant to electric shocks. (rElec)
You are resistant to unholy torment.
You are immune to petrification.


   Skills:
 - Level 3.2 Fighting
 + Level 4.2 Axes
 - Level 3.2 Armour
 - Level 3.2 Shields


You had 3 spell levels left.
You didn't know any spells.
Your spell library was empty.

Inventory:

Hand Weapons
 Y - a +0 war axe of flaming (weapon)
Armour
 b - a +0 scale mail (worn)
 c - a +0 buckler (worn)
Scrolls
 j - a scroll of identify
Potions
 d - a potion of might
 e - a potion of lignification {unknown}
 g - a potion of haste {unknown}
 h - a potion of mutation {unknown}

Dungeon Overview and Level Annotations

Branches:
Dungeon (3/15)

Altars:

Annotations:
D:1 exclusion: 4 dart slugs


Message History

The gnoll throws a poisoned dart.
You block the poisoned dart.
A gnoll comes into view. It is wielding a +0 club.
The gnoll shouts!
A gnoll comes into view. It is wielding a +0 halberd.
The gnoll hits you with a +0 club. The gnoll barely misses you.
You closely miss the gnoll. You hit the gnoll but do no damage.
The gnoll barely misses you. The gnoll hits you with a +0 spear.
You hit the gnoll. You burn the gnoll.
The gnoll is moderately wounded.
You barely miss the gnoll. You closely miss the gnoll.
The gnoll hits you but does no damage. You block the gnoll's attack.
The gnoll hits you but does no damage. The gnoll hits you with a +0 club.
The gnoll barely misses you. You block the gnoll's attack.
You slash the gnoll! You burn the gnoll.
The gnoll is almost dead.
You slash the gnoll! You burn the gnoll.
You kill the gnoll!
You closely miss the gnoll. The gnoll closely misses you.
The gnoll throws a throwing net.
The throwing net completely misses you. The gnoll barely misses you.
You barely miss the gnoll.
The gnoll is almost dead.
You hit the gnoll. You burn the gnoll. You block the gnoll's attack.
The gnoll closely misses you. The gnoll hits you with a +0 club.
You closely miss the gnoll.
The gnoll is almost dead.
You hit the gnoll. You burn the gnoll. The gnoll hits you but does no damage.
The gnoll throws a throwing net.
The throwing net hits you.
You become entangled in the net!
The gnoll hits you with a +0 club. The gnoll hits you with a +0 spear.
The gnoll hits you from afar with a +0 halberd!
The gnoll hits you but does no damage.
You struggle against the net.
The gnoll hits you with a +0 spear. The gnoll hits you but does no damage.
The gnoll hits you with a +0 club.
You tear a large gash into the net.
The gnoll barely misses you. The gnoll hits you but does no damage.
The gnoll hits you with a +0 club.
You die...

#......# #......#
#......# ##########
#.%....# #.........
#......#####'########
####......##.....######
#......g..##.....######
#.....g.g.##.....######
#......@).##.....#######
#.........##.....#####..
#..)......##.....#####.#
#.........##.....#####.#
#.........##.....#####.#
#......(..#####......#.#
#.........#.)........#.#
#######'#.#.#######..#.#
#..............#.#


You could see 3 gnolls.

Vanquished Creatures
  A gnoll (D:3)
  2 worms
  2 dart slugs
  5 orcs
  6 endoplasms
  2 giant cockroaches (D:2)
  10 goblins
  8 hobgoblins
  2 jackals (D:1)
  A quokka (D:2)
  2 ball pythons
  7 bats
  3 frilled lizards (D:3)
  4 kobolds
  5 rats
60 creatures vanquished.

Notes
Turn   | Place    | Note
-------+----------+-------------------------------------------
     0 | D:1      | qw the Gargoyle Fighter began the quest for the Orb.
     0 | D:1      | Reached XP level 1. HP: 14/14 MP: 1/1
     0 | D:1      | 0 ||| qw: Version: 0.3-a-5-g6f28e65
     0 | D:1      | 0 ||| qw: Game counter: 619
     0 | D:1      | 0 ||| qw: Always use a shield: true
     0 | D:1      | 0 ||| qw: God list: Okawaru
     0 | D:1      | 0 ||| qw: Allow faded altars: false
     0 | D:1      | 0 ||| qw: Do Orc after D:15 true
     0 | D:1      | 0 ||| qw: Do second Lair branch before Depths: true
     0 | D:1      | 0 ||| qw: Lair rune preference: random
     0 | D:1      | 0 ||| qw: Plans: Normal, Zot:1-4, Slime:5, God:TSO, Crypt,
                  | Tomb, Abyss, Pan, Hells, Win
     0 | D:1      | 0 ||| PLANNING D:1-11
    75 | D:1      | Reached skill level 2 in Axes
   208 | D:1      | Reached XP level 2. HP: 18/19 MP: 2/2
   240 | D:1      | 240 ||| Stepping ~*~*~tactically~*~*~ (stealth).
   722 | D:1      | 722 ||| READING scroll labelled KUAPPE TESEDIC.
   805 | D:2      | Reached skill level 3 in Axes
   805 | D:2      | 805 ||| FLEEEEING.
   814 | D:2      | Reached XP level 3. HP: 23/23 MP: 3/3
  1104 | D:2      | 1104 ||| Stepping ~*~*~tactically~*~*~ (stealth).
  1105 | D:2      | 1105 ||| Stepping ~*~*~tactically~*~*~ (stealth).
  1107 | D:2      | 1107 ||| Stepping ~*~*~tactically~*~*~ (hiding).
  1115 | D:2      | 1115 ||| Stepping ~*~*~tactically~*~*~ (stealth).
  1138 | D:2      | 1138 ||| Stepping ~*~*~tactically~*~*~ (stealth).
  1144 | D:2      | 1144 ||| Stepping ~*~*~tactically~*~*~ (stealth).
  1149 | D:2      | 1149 ||| Stepping ~*~*~tactically~*~*~ (stealth).
  1371 | D:2      | Found a faded altar of an unknown god.
  1414 | D:2      | Reached XP level 4. HP: 28/28 MP: 4/4
  1431 | D:2      | 1431 ||| READING scroll labelled QASIBU GIVVE.
  1452 | D:3      | 1452 ||| STAIRDANCE
  1548 | D:3      | 1548 ||| Stepping ~*~*~tactically~*~*~ (stealth).
  1549 | D:3      | 1549 ||| Stepping ~*~*~tactically~*~*~ (stealth).
  1550 | D:3      | 1550 ||| Stepping ~*~*~tactically~*~*~ (stealth).
  1558 | D:3      | Reached skill level 4 in Axes
  2212 | D:3      | 2212 ||| READING scroll labelled YPAJYI WO XAQEPU.
  2216 | D:3      | 2216 ||| READING scroll labelled FOOFUSEXTIDD.
  2217 | D:3      | 2217 ||| READING scroll labelled BEIF CUQIB.
  2218 | D:3      | 2218 ||| READING scroll labelled CEN ZU CI UTZU.
  2237 | D:3      | HP: 7/28 [gnoll/+0 halberd (9)]
  2238 | D:3      | HP: 2/28 [gnoll/+0 club (3)]
  2239 | D:3      | Slain by a gnoll

Levels and vault maps discovered:
D:1:      dpeg_arrival_rooms_with_view, layout_basic, nicolae_wormholes
D:2:      cheibrodos_greedy_goblins, layout_basic, basic_ecumenical_altar
D:3:      layout_basic

Skill      XL: |  1  2  3  4 |
---------------+-------------+-----
Axes           | 2 3 4 |  4.2
Fighting       | |  3.2
Armour         | |  3.2
Shields        | |  3.2

Action                     |  1- 3 |  4- 6 || total
---------------------------+-------+-------++-------
  Melee: War axe           |   126 |    33 ||   159
    Use: Scroll            |     1 |     5 ||     6
 Armour: Scale mail        |    65 |    14 ||    79
  Dodge: Dodged            |    73 |    26 ||    99
  Block: Buckler           |    30 |    10 ||    40

Table legend:
 A = Non-vault XP
 B = Vault XP
 C = Vault XP percentage of total XP
 D = Non-vault monster count
 E = Vault monster count
 F = Vault count percentage of total count
                 A         B        C        D         E       F
            +---------+---------+-------+---------+---------+-------
      Total |      88 |      38 |  30.2 |      43 |      17 |  28.3
            +---------+---------+-------+---------+---------+-------
        D:1 |      16 |      10 |  38.5 |      10 |       3 |  23.1
        D:2 |      34 |      28 |  45.2 |      17 |      14 |  45.2
        D:3 |      38 |       0 |   0.0 |      16 |       0 |   0.0
            +---------+---------+-------+---------+---------+-------
